 Dungeon Crawl Stone Soup version 0.23-a0-554-gd3cbc8420a (webtiles) character file.

187082 WWWWWWWWWWWWWWWWWWW the Geomancer (level 18, 0/112 HPs)
             Began as a Gargoyle Earth Elementalist on Dec 9, 2018.
             Was the Champion of Vehumet.
             Slain by a spark wasp (5 damage)
             ... on level 4 of the Spider Nest on Dec 10, 2018.
             The game lasted 02:01:11 (48270 turns).

WWWWWWWWWWWWWWWWWWW the Geomancer (GrEE)           Turns: 48270, Time: 02:01:12

Health: 0/112      AC: 16    Str: 13      XL:     18   Next: 50%
Magic:  0/33       EV: 20    Int: 26      God:    Vehumet [******]
Gold:   1667       SH:  0    Dex: 12 (13) Spells: 5/39 levels left

rFire    + . .     SeeInvis .   T - +10 trident "Pyenli" {drain, rN++ Stlth+}
rCold    + + .     Gourm    +   (no shield)
rNeg     + + +     Faith    .   D - +2 robe {rF+}
rPois    ∞         Spirit   .   p - +2 helmet {Int+3}
rElec    +         Reflect  .   O - +2 cloak {+Inv}
rCorr    .         Harm     .   V - +2 pair of gloves of the Lute {rElec rC++ Regen+ Dex+3}
MR       +++..                  (no boots)
Stlth    +++.......             H - amulet of the gourmand
HPRegen  0.68/turn              x - ring "Wim Ehiu" {MR++ EV+3}
MPRegen  0.23/turn              v - +3 ring of protection

@: corroded, flying, very slightly contaminated
A: big wings, slimy green scales 1, mutation resistance 1, negative energy
resistance 1, electricity resistance, unbreathing, petrification resistance, rot
immunity, AC +13
a: Stop Flying, Renounce Religion, Evoke Invisibility


You were on level 4 of the Spider Nest.
You worshipped Vehumet.
Vehumet was exalted by your worship.
You were not hungry.

You visited 7 branches of the dungeon, and saw 32 of its levels.
You also visited: Volcano.

You collected 3288 gold pieces.
You spent 1621 gold pieces at shops.

Inventory:

Hand Weapons
 T - the +10 trident "Pyenli" (weapon) {drain, rN++ Stlth+}
   (You bought it in a shop on level 2 of the Orcish Mines)

   A truly terrible weapon, it drains the life of those it strikes.
   It greatly protects you from negative energy.
   It makes you more stealthy.
Missiles
 b - 703 stones (quivered)
 G - 3 throwing nets
Armour
 p - a +2 helmet of intelligence (worn)
 u - a +0 shield
 D - a +2 robe of fire resistance (worn)
 O - a +2 cloak of invisibility (worn)
 V - the +2 pair of gloves of the Lute (worn) {rElec rC++ Regen+ Dex+3}
   (You found it on level 4 of the Lair of Beasts)

   It affects your dexterity (+3).
   It greatly protects you from cold.
   It insulates you from electricity.
   It increases your rate of regeneration.
Magical Staves
 e - an uncursed staff of earth
Jewellery
 v - a +3 ring of protection (right hand)
 x - the ring "Wim Ehiu" (left hand) {MR++ EV+3}
   (You bought it in a shop on level 13 of the Dungeon)

   [ring of evasion]

   It affects your evasion (+3).
   It affects your resistance to hostile enchantments.
 H - an amulet of the gourmand (around neck)
 Z - an uncursed amulet of the acrobat
Wands
 t - a wand of enslavement (17)
 w - a wand of disintegration (43)
 C - a wand of flame (82)
 F - a wand of scattershot (7)
 N - a wand of acid (9)
 U - a wand of iceblast (7)
 X - a wand of paralysis (9)
Scrolls
 a - 3 scrolls of magic mapping
 c - 3 scrolls of immolation
 g - 11 scrolls of teleportation
 k - 18 scrolls of remove curse
 y - 3 scrolls of fog
 L - 3 scrolls of amnesia
 P - 9 scrolls of identify
 Q - 2 scrolls of summoning
Potions
 f - 14 potions of curing
 n - 6 potions of agility
 q - 7 potions of brilliance
 r - 7 potions of resistance
 s - 2 potions of heal wounds
 K - a potion of cancellation
Miscellaneous
 l - a phantom mirror
Comestibles
 d - 46 rations


   Skills:
 + Level 12.1 Fighting
 + Level 10.4 Polearms
 - Level 6.0 Armour
 + Level 9.8 Dodging
 - Level 2.1 Stealth
 + Level 12.3 Shields
 + Level 11.4 Spellcasting
 + Level 12.7 Conjurations
   Level 0.7 Transmutations
 + Level 10.5 Fire Magic
 + Level 14.5 Earth Magic
 - Level 6.0 Evocations


You had 5 spell levels left.
You knew the following spells:

 Your Spells              Type           Power        Failure   Level  Hunger
a - Sandblast             Erth           ######       0%          1    None
b - Stone Arrow           Conj/Erth      ######       1%          3    None
c - Lee's Rapid Deconstr  Erth           ######....   1%          5    ###....
d - Blink                 Tloc           N/A          6%          2    None
e - Fireball              Conj/Fire      ######....   1%          5    ###....
f - Bolt of Magma         Conj/Fire/Erth ######....   1%          5    ###....
g - Orb of Destruction    Conj           ######....   5%          7    ######.
h - Iron Shot             Conj/Erth      ######....   1%          6    #####..

Your spell library contained the following spells:

 Spells                   Type           Power        Failure   Level  Hunger
 Magic Dart               Conj           ####         0%          1    None
 Flame Tongue             Conj/Fire      #####        1%          1    None
 Sting                    Conj/Pois      ####         1%          1    None
 Passwall                 Tmut/Erth      ######..     1%          2    None
 Throw Flame              Conj/Fire      ######       1%          2    None
 Conjure Flame            Conj/Fire      ######..     1%          3    None
 Inner Flame              Hex/Fire       #####...     1%          3    None
 Mephitic Cloud           Conj/Pois/Air  #####...     1%          3    None
 Leda's Liquefaction      Hex/Erth       ######....   1%          4    None
 Petrify                  Tmut/Erth      ######..     1%          4    None
 Sticky Flame             Conj/Fire      ######..     1%          4    None
 Venom Bolt               Conj/Pois      #####.....   2%          5    ###....
 Beastly Appendage        Tmut           ###...       3%          1    None
 Confusing Touch          Hex            ##....       4%          1    None
 Corona                   Hex            ##.....      4%          1    None
 Summon Butterflies       Summ           ##......     4%          1    None
 Sticks to Snakes         Tmut           ###.....     4%          2    None
 Call Imp                 Summ           ##......     6%          2    None
 Poisonous Vapours        Pois/Air       ##....       6%          2    None
 Slow                     Hex            ##......     6%          2    None
 Spider Form              Tmut/Pois      ###.......   11%         3    None
 Olgreb's Toxic Radiance  Pois           ##......     11%         4    None
 Call Canine Familiar     Summ           ##......     12%         3    None
 Confuse                  Hex            ##......     12%         3    None
 Gell's Gravitas          Tloc           ##........   12%         3    None
 Portal Projectile        Hex/Tloc       ##....       12%         3    None
 Yara's Violent Unravell  Hex/Tmut       ###.......   24%         5    ###....
 Ice Form                 Ice/Tmut       ###.....     34%         4    None
 Cause Fear               Hex            ##........   36%         4    None
 Summon Ice Beast         Ice/Summ       ##......     36%         4    None
 Summon Lightning Spire   Summ/Air       ##......     36%         4    None
 Blade Hands              Tmut           ###.......   63%         5    ###....
 Metabolic Englaciation   Hex/Ice        ##........   73%         5    ###....
 Silence                  Hex/Air        ##........   73%         5    ###....
 Summon Mana Viper        Hex/Summ       ##......     73%         5    ###....
 Bolt of Fire             Conj/Fire      ######....   1%          6    #####..
 Conjure Ball Lightning   Conj/Air       #####.....   12%         6    #####..
 Deflect Missiles         Chrm/Air       ##........   99%         6    #####..
 Dragon Form              Tmut           ###.......   100%        7    ######.
 Summon Hydra             Summ           ##........   100%        7    ######.
 Dragon's Call            Summ           ##........   100%        9    #######
 Tornado                  Air            ##........   100%        9    #######


Dungeon Overview and Level Annotations

Branches:
Dungeon (15/15)            Temple (1/1) D:5            Lair (6/6) D:9
  Swamp (0/4) Lair:3       Spider (4/4) Lair:2        Slime (0/5) Lair:5
    Orc (2/2) D:10            Elf (3/3) Orc:2        Vaults (0/5) D:13
 Depths (1/5) D:15

Altars:
Ashenzari
Cheibriados
Dithmenos
Elyvilon
Fedhas
Gozag
Hepliaklqana
Kikubaaqudgha
Makhleb
Nemelex Xobeh
Okawaru
Qazlal
Ru
Sif Muna
Trog
Uskayaw
Vehumet
Wu Jian
Xom
Yredelemnul
Zin
The Shining One

Shops:
D:5 [[***   D:7 [   D:13 *   D:14 :   Orc:2 !%?*(   Elf:1 !   Elf:2 :   Elf:3 (

Portals:
Trove: D:12 (show slimy rune of Zot)

Annotations:
Elf:2 4 runed doors
Elf:3 1 exclusion


Innate Abilities, Weirdness & Mutations

You are resistant to torment.
Your stone body is resilient. (AC +13)
You are immune to poison.
Your large and strong wings let you fly indefinitely.
You resist negative energy. (rN+)
You are resistant to electric shocks. (rElec)
You can survive without breathing.
You are immune to petrification.
You are immune to rotting.
You are partially covered in slimy green scales. (AC +2)
You are somewhat resistant to further mutation.


Message History

The spark wasp stings you. The spark wasp shocks you. You resist.
Casting: Lee's Rapid Deconstruction (safe; 1% risk of failure)
Confirm with . or Enter, or press ? or * to list all spells.
You don't have enough magic to cast that spell.
Unknown command.
Casting: Lee's Rapid Deconstruction (safe; 1% risk of failure)
Confirm with . or Enter, or press ? or * to list all spells.
Aiming: Bolt of Magma (safe; 1% risk of failure)
Press: ? - help, Shift-Dir - straight line, f - spark wasp
Aim: a spark wasp The bolt of magma hits the spark wasp.
The spark wasp is moderately wounded.
The spark wasp stings you!!
* * * LOW HITPOINT WARNING * * *
The spark wasp shocks you. You resist.
* * * LOW HITPOINT WARNING * * *
The spark wasp stings you.
* * * LOW HITPOINT WARNING * * *
The spark wasp shocks you. You resist.
You die...

#......# ##.....##### ######
#.##..#...# ##....# #..##...^##
##^...## #...##^..## ####....##
#....##.^.#
#..###..#####.#...^.###
#..#......#...#^...##
##.[...#.......@.#..#
###....##...##...y.######
.##^...###.#######......########
.#^..###
###................^..## ^.....#
#..######.....######..# ..^...#
#.##,,####s''####,,##.# .....##
###,,,#....^)...#,,,### ....##
**,,,##.........##,,,** #####
*,,,##...........#*,,,*


You could see a spark wasp and an orb spider.

Vanquished Creatures
  Nikola (Lair:2)
  Arachne (Spider:1)
  Gastronok (Lair:3)
  Kirke (Spider:4)
  3 ghost moths
  The ghost of LLavrengius the Naga Aeon, a journeyman NaVM of Cheibriados (Orc:1)
  The ghost of Guni the Eclecticist, a journeyman DsWz of Vehumet (Orc:1)
  4 emperor scorpions
  The ghost of Oqungeko the Brawler, a journeyman DrTm of Okawaru (Orc:1)
  The ghost of Cubedut the Unseen, an adept SpEn of Dithmenos (Orc:1)
  5 entropy weavers
  Nessos (D:15)
  Josephine (Orc:1)
  The ghost of Wizop the Thaumaturge, a journeyman GnSk of Fedhas (Orc:1)
  A yaktaur captain (D:15)
  The ghost of esho the Grappler, a journeyman TrMo of Makhleb (Lair:2)
  Fannar (D:12)
  Erolcha (Orc:1)
  4 vault guards (D:13)
  A deep elf high priest (Elf:1)
  12 hydras
  Harold (Lair:1)
  3 centaur warriors
  8 dancing weapons
  2 catoblepae (Lair:4)
  3 two-headed ogres
  An ogre mage (D:13)
  A tengu warrior (D:14)
  An orc high priest (Elf:2)
  5 death yaks (Lair:4)
  4 deep elf knights
  Sonja (Orc:1)
  A fire crab (Lair:2)
  3 unseen horrors
  5 deep elf archers
  3 orc knights
  22 deep elf magi
  18 orb spiders
  28 wolf spiders
  12 ugly things
  An orc sorcerer (Orc:2)
  11 elephants
  6 cyclopes
  A manticore (D:12)
  Joseph (D:7)
  3 moths of wrath
  A black mamba (shapeshifter) (D:15)
  3 centaur zombies (D:14)
  Maurice (D:13)
  4 black mambas
  24 spiny frogs
  A molten gargoyle (Volcano)
  2 torpor snails
  4 gargoyles
  The ghost of oberejnoburuli the Thaumaturge, a novice DrCj of Sif Muna (D:5)
  5 komodo dragons
  A yaktaur (D:15)
  2 rime drakes
  An efreet (D:15)
  10 demonic crawlers
  An anaconda simulacrum (Lair:4)
  55 jumping spiders
  3 tengu conjurers
  4 trolls
  4 tyrant leeches (Lair:6)
  2 polar bears (Lair:4)
  7 hornets
  Grinder (D:3)
  Prince Ribbit (Lair:1)
  26 blink frogs
  9 hippogriffs
  3 slime creatures (Lair:5)
  41 tarantellas
  A dire elephant simulacrum (Lair:4)
  76 redbacks
  A water elemental (Elf:1)
  47 yaks
  5 wraiths
  A fire elemental (Elf:3)
  A human (D:13)
  4 wyverns
  3 hogs (Spider:4)
  2 basilisks
  A steam dragon (Lair:5)
  2 hungry ghosts
  9 vampire mosquitoes
  The ghost of hemabe the Charlatan, an amateur HuAr (D:3)
  2 wargs
  An acid dragon (D:11)
  8 water moccasins
  7 porcupines
  34 orc warriors
  An eye of draining (D:12)
  A sky beast (D:6)
  3 black bears
  2 phantoms
  3 ice beasts
  11 ogres
  20 wolves
  2 necrophages
  26 centaurs
  A black mamba simulacrum (Lair:4)
  16 crocodiles
  4 big kobolds
  32 bullfrogs
  A gnoll sergeant (D:12)
  5 earth elementals
  2 wyvern skeletons
  9 scorpions
  12 killer bees
  4 wights (D:12)
  A howler monkey (D:6)
  5 electric eels
  5 crimson imps
  2 bullfrog zombies
  A hippogriff simulacrum (Lair:4)
  13 hounds
  A quasit (D:7)
  8 jellies
  14 orc priests
  5 centaur skeletons
  3 bullfrog skeletons
  5 iguanas
  Crazy Yiuf (D:6)
  Natasha (thrice) (D:2)
  17 orc wizards
  14 worker ants
  2 bullfrog simulacra (Lair:4)
  A hound zombie (D:11)
  2 hound skeletons
  A mummy (D:8)
  A howler monkey zombie (D:7)
  A worker ant zombie (D:8)
  12 gnolls
  9 adders
  A river rat (D:5)
  4 shadow imps
  2 oozes
  An adder zombie (D:8)
  An adder skeleton (D:9)
  3 worms
  3 dart slugs (D:1)
  8 leopard geckos
  69 orcs
  5 ball pythons
  3 giant cockroaches
  5 goblins (D:1)
  10 hobgoblins
  7 jackals
  3 quokkas
  14 bats
  5 frilled lizards
  A hobgoblin zombie (D:8)
  21 kobolds
  2 kobold zombies (D:8)
  3 leopard gecko zombies
  An orc zombie (D:8)
  A quokka skeleton (D:7)
  8 rats
  A plant (Lair:6)
1076 creatures vanquished.

Vanquished Creatures (collateral kills)
  An orb spider (Spider:4)
  A jumping spider (Spider:4)
  A hippogriff (D:9)
  2 redbacks (Spider:4)
  An adder (D:9)
  4 orcs (D:9)
10 creatures vanquished.

Vanquished Creatures (others)
  A ghost moth (Spider:4)
  5 deep elf magi
  A human (Spider:4)
  An orc priest (Orc:1)
  35 fungi
  89 plants
132 creatures vanquished.

Grand Total: 1218 creatures vanquished

Notes
Turn   | Place    | Note
-------+----------+-------------------------------------------
     0 | D:1      | WWWWWWWWWWWWWWWWWWW the Gargoyle Earth Elementalist began
                  | the quest for the Orb.
     0 | D:1      | Reached XP level 1. HP: 10/10 MP: 3/3
   241 | D:1      | Reached XP level 2. HP: 15/15 MP: 5/5
   282 | D:1      | Reached skill level 4 in Earth Magic
  1094 | D:1      | Reached XP level 3. HP: 15/19 MP: 6/6
  1104 | D:1      | Learned a level 3 spell: Stone Arrow
  1952 | D:2      | Found a shattered altar of Ashenzari.
  1993 | D:2      | Noticed Natasha
  1999 | D:2      | Killed Natasha
  1999 | D:2      | Reached skill level 1 in Conjurations
  1999 | D:2      | Reached XP level 4. HP: 16/24 MP: 2/8
  2102 | D:2      | Found a sacrificial altar of Ru.
  2848 | D:2      | Noticed Natasha
  2851 | D:2      | Killed Natasha
  2851 | D:2      | Reached skill level 5 in Earth Magic
  2851 | D:2      | Reached XP level 5. HP: 28/28 MP: 10/10
  2880 | D:2      | Learned a level 5 spell: Lee's Rapid Deconstruction
  2946 | D:2      | Noticed Natasha
  2950 | D:2      | Killed Natasha
  3027 | D:3      | Noticed Grinder
  3034 | D:3      | Killed Grinder
  3034 | D:3      | Reached XP level 6. HP: 32/32 MP: 12/12
  3125 | D:3      | Found an ancient bone altar of Kikubaaqudgha.
  3193 | D:3      | Reached skill level 6 in Earth Magic
  3266 | D:3      | Learned a level 2 spell: Blink
  3353 | D:3      | Found a large runed door.
  3353 | D:3      | Found a large runed door.
  3357 | D:3      | Noticed hemabe's ghost (amateur HuAr)
  3932 | D:3      | Killed hemabe's ghost
  3932 | D:3      | Reached XP level 7. HP: 18/36 MP: 11/13
  5214 | D:5      | Entered Level 5 of the Dungeon
  5462 | D:5      | Found a deep blue altar of Sif Muna.
  5514 | D:5      | Found Ixko Nyff's General Store.
  5537 | D:5      | Bought a scroll of identify for 28 gold pieces
  5537 | D:5      | Bought a scroll of identify for 28 gold pieces
  5537 | D:5      | Bought a scroll of brand weapon for 280 gold pieces
  5617 | D:5      | Reached skill level 1 in Shields
  5621 | D:5      | Found Wiesiot's Antique Armour Emporium.
  5683 | D:5      | Found a sparkling altar of Nemelex Xobeh.
  5685 | D:5      | Found a snail-covered altar of Cheibriados.
  5697 | D:5      | Reached skill level 1 in Fighting
  5697 | D:5      | Reached skill level 1 in Armour
  5711 | D:5      | Found a staircase to the Ecumenical Temple.
  5738 | Temple   | Entered the Ecumenical Temple
  5765 | Temple   | Became a worshipper of Vehumet
  5993 | D:5      | Found Avotwev's Assorted Antiques.
  6000 | D:5      | Reached skill level 1 in Polearms
  6000 | D:5      | Reached XP level 8. HP: 29/43 MP: 15/15
  6160 | D:5      | Found a runed door.
  6162 | D:5      | Noticed oberejnoburuli's ghost (novice DrCj)
  6213 | D:5      | Killed oberejnoburuli's ghost
  6213 | D:5      | Reached skill level 5 in Spellcasting
  6213 | D:5      | Reached skill level 7 in Earth Magic
  6363 | D:5      | Found a runed door.
  6468 | D:5      | Found Lyolab's Assorted Antiques.
  6492 | D:5      | Found Ihu Woaz's Antique Armour Shop.
  6565 | D:6      | Reached skill level 5 in Conjurations
  7095 | D:6      | Reached XP level 9. HP: 49/49 MP: 16/16
  7280 | D:6      | Reached * piety under Vehumet
  7280 | D:6      | Offered knowledge of Freeze by Vehumet.
  7359 | D:6      | Found a runed door.
  7390 | D:6      | Noticed Crazy Yiuf
  7392 | D:6      | Killed Crazy Yiuf
  7443 | D:6      | Found a shimmering altar of Xom.
  7573 | D:6      | Got an ichor-stained spear
  7574 | D:6      | Identified the +5 spear of the Inferno {pierce, rC+ rN+
                  | Int+7} (You found it on level 6 of the Dungeon)
  8611 | D:7      | Found an opulent altar of Gozag.
  8813 | D:7      | Got a pair of distressingly furry gloves
  8824 | D:7      | Identified the cursed -4 pair of gloves of Wounothomo
                  | {rElec rPois rN+ MR+} (You found it on level 7 of the
                  | Dungeon)
  9146 | D:7      | Found Wustralyu's Armour Boutique.
  9243 | D:7      | Noticed Joseph
  9258 | D:7      | Killed Joseph
  9258 | D:7      | Reached skill level 8 in Earth Magic
  9377 | D:7      | Reached skill level 1 in Evocations
  9628 | D:8      | Offered knowledge of Searing Ray by Vehumet.
  9633 | D:8      | Reached ** piety under Vehumet
  9633 | D:8      | Reached XP level 10. HP: 28/56 MP: 10/18
 10048 | D:8      | Offered knowledge of Throw Flame by Vehumet.
 10485 | D:8      | Found a blossoming altar of Fedhas.
 10501 | D:8      | Reached *** piety under Vehumet
 10998 | D:9      | Found a basalt altar of Yredelemnul.
 11004 | D:9      | Got a spiked leather armour
 11202 | D:9      | Offered knowledge of Ignite Poison by Vehumet.
 11317 | D:9      | Identified the +1 leather armour of the Ageless Tables
                  | {Dex+3} (You found it on level 9 of the Dungeon)
 11674 | D:9      | Reached skill level 5 in Shields
 11771 | D:9      | Reached skill level 5 in Armour
 12321 | D:9      | Found a staircase to the Lair.
 12334 | D:9      | Reached skill level 5 in Fighting
 12341 | D:9      | Reached skill level 9 in Earth Magic
 12341 | D:9      | Reached XP level 11. HP: 63/63 MP: 11/20
 12522 | D:9      | Found a hide-covered altar of Uskayaw.
 13015 | D:10     | Entered Level 10 of the Dungeon
 13015 | D:10     | Found a staircase to the Orcish Mines.
 13156 | D:10     | Gained mutation: You are partially covered in slimy green
                  | scales. (AC +2) [potion of mutation]
 13156 | D:10     | Gained mutation: You are somewhat resistant to further
                  | mutation. [potion of mutation]
 13320 | D:10     | Learned a level 5 spell: Fireball
 14333 | D:11     | Noticed a cyclops
 14521 | D:11     | Killed a cyclops
 14521 | D:11     | Reached skill level 1 in Fire Magic
 15053 | D:11     | Noticed a cyclops
 15105 | D:11     | Killed a cyclops
 15365 | D:11     | Reached **** piety under Vehumet
 15393 | D:11     | Offered knowledge of Fulminant Prism by Vehumet.
 15773 | D:11     | Noticed a red ugly thing
 15786 | D:11     | Killed a red ugly thing
 16162 | D:12     | Noticed a four-headed hydra
 16172 | D:12     | Reached skill level 5 in Polearms
 16173 | D:12     | Killed a four-headed hydra
 16178 | D:12     | Reached skill level 5 in Dodging
 16189 | D:12     | Noticed a two-headed ogre
 16197 | D:12     | Killed a two-headed ogre
 16197 | D:12     | Reached XP level 12. HP: 57/70 MP: 8/22
 16842 | D:12     | Noticed Fannar
 16858 | D:12     | Killed Fannar
 17137 | D:12     | Reached skill level 10 in Earth Magic
 17620 | D:12     | Found a portal to a secret trove of treasure.
 17669 | D:13     | Found Zogo Hifosm's General Store.
 17670 | D:13     | Noticed a two-headed ogre
 17689 | D:13     | Killed a two-headed ogre
 17959 | D:13     | Noticed Maurice
 17969 | D:13     | Killed Maurice
 18242 | D:5      | Bought a shimmering granite ring for 160 gold pieces
 18243 | D:5      | Identified the ring "Tugodwyo" {Str-5 Dex+7 SInv} (You
                  | bought it in a shop on level 5 of the Dungeon)
 18435 | D:13     | Bought the ring "Wim Ehiu" {MR++ EV+3} for 400 gold pieces
 18797 | D:13     | Noticed a vault guard
 18903 | D:13     | Killed a vault guard
 18919 | D:13     | Noticed an ogre mage
 18922 | D:13     | Killed an ogre mage
 19390 | D:13     | Noticed a vault guard
 19403 | D:13     | Killed a vault guard
 19403 | D:13     | Reached skill level 5 in Evocations
 19403 | D:13     | Reached XP level 13. HP: 76/76 MP: 24/24
 19404 | D:13     | Noticed a vault guard
 19405 | D:13     | Noticed a vault guard
 19410 | D:13     | Killed a vault guard
 19410 | D:13     | Killed a vault guard
 19570 | D:13     | Found a gate to the Vaults.
 21328 | D:14     | Found Sietunuf's Book Shoppe.
 21445 | D:14     | Reached skill level 5 in Fire Magic
 21450 | D:14     | Reached ***** piety under Vehumet
 21450 | D:14     | Offered knowledge of Bolt of Magma by Vehumet.
 21469 | D:14     | Learned a level 5 spell: Bolt of Magma
 21914 | Lair:1   | Entered Level 1 of the Lair of Beasts
 22070 | Lair:1   | Noticed Harold
 22074 | Lair:1   | Killed Harold
 22074 | Lair:1   | Reached skill level 11 in Earth Magic
 22491 | Lair:1   | Noticed Prince Ribbit
 22931 | Lair:1   | Killed Prince Ribbit
 23425 | Lair:2   | You fall through a shaft!
 23471 | Lair:3   | Found a staircase to the Swamp.
 24416 | Lair:2   | Gained mutation: Your large and strong wings let you fly
                  | indefinitely. [Gargoyle growth]
 24416 | Lair:2   | Reached XP level 14. HP: 84/84 MP: 19/26
 24863 | Lair:2   | Found a hole to the Spider Nest.
 25114 | Lair:2   | Found a runed door.
 25116 | Lair:2   | Noticed esho's ghost (journeyman TrMo)
 25131 | Lair:2   | Killed esho's ghost
 25740 | Lair:3   | Noticed Gastronok
 25747 | Lair:3   | Killed Gastronok
 26897 | Lair:4   | Found a transporter.
 26926 | Lair:4   | Found a transporter.
 26963 | Lair:4   | Got a pair of jewelled gloves
 27226 | Lair:4   | Identified the +2 pair of gloves of the Lute {rElec rC++
                  | Regen+ Dex+3} (You found it on level 4 of the Lair of
                  | Beasts)
 27283 | Lair:4   | Offered knowledge of Orb of Destruction by Vehumet.
 27704 | Lair:4   | Reached skill level 10 in Conjurations
 28739 | Lair:5   | Found a staircase to the Slime Pits.
 28752 | Lair:5   | Found a dark tunnel.
 28763 | Volcano  | Entered a volcano
 29856 | Lair:5   | Reached skill level 12 in Earth Magic
 30695 | Lair:6   | Entered Level 6 of the Lair of Beasts
 30702 | Lair:6   | Reached XP level 15. HP: 81/91 MP: 28/28
 31831 | Lair:6   | Learned a level 7 spell: Orb of Destruction
 32029 | Lair:6   | Reached skill level 10 in Shields
 32196 | Lair:6   | Reached skill level 10 in Fighting
 33370 | Orc:1    | Entered Level 1 of the Orcish Mines
 33757 | Orc:2    | Entered Level 2 of the Orcish Mines
 33987 | Orc:2    | Reached ****** piety under Vehumet
 34001 | Orc:2    | Offered knowledge of Lightning Bolt by Vehumet.
 34141 | Orc:2    | Found a staircase to the Elven Halls.
 34234 | Orc:1    | Noticed Josephine
 34234 | Orc:1    | Noticed Sonja
 34234 | Orc:1    | Noticed Erolcha
 34239 | Orc:1    | Killed Erolcha
 34339 | Orc:1    | Killed Josephine
 34343 | Orc:1    | Killed Sonja
 34754 | Orc:1    | Found a runed gate.
 34755 | Orc:1    | Found a runed gate.
 34762 | Orc:1    | Found a runed gate.
 34762 | Orc:1    | Found Gyaruad's Jewellery Emporium.
 34762 | Orc:1    | Noticed Cubedut's ghost (adept SpEn)
 34763 | Orc:1    | Noticed LLavrengius's ghost (journeyman NaVM)
 34763 | Orc:1    | Noticed Wizop's ghost (journeyman GnSk)
 34763 | Orc:1    | Noticed Guni's ghost (journeyman DsWz)
 34804 | Orc:1    | Noticed Oqungeko's ghost (journeyman DrTm)
 34826 | Orc:1    | Killed Cubedut's ghost
 34826 | Orc:1    | Reached skill level 10 in Spellcasting
 34826 | Orc:1    | Reached XP level 16. HP: 57/97 MP: 18/30
 34828 | Orc:1    | Killed Wizop's ghost
 34844 | Orc:1    | You are sucked into a shaft!
 34844 | Orc:2    | Found Mebre's Distillery.
 34849 | Orc:2    | Bought a potion of might for 64 gold pieces
 34849 | Orc:2    | Bought a potion of magic for 128 gold pieces
 35024 | Orc:1    | Killed LLavrengius's ghost
 35095 | Orc:1    | Killed Oqungeko's ghost
 35319 | Orc:1    | Killed Guni's ghost
 35740 | Orc:2    | Found Loan's Magic Scroll Boutique.
 35740 | Orc:2    | Found Paekid's Assorted Antiques.
 35740 | Orc:2    | Found Wishrylu's Antique Weapon Shoppe.
 35784 | Orc:2    | Found Xaets's Food Shop.
 35798 | Orc:2    | Bought 2 scrolls labeled YFRUATUSHRU for 60 gold pieces
 35815 | Orc:2    | Bought a fine trident for 323 gold pieces
 35815 | Orc:2    | Identified the +10 trident "Pyenli" {drain, rN++ Stlth+}
                  | (You bought it in a shop on level 2 of the Orcish Mines)
 36213 | Elf:1    | Entered Level 1 of the Elven Halls
 36421 | Elf:1    | Reached skill level 13 in Earth Magic
 36422 | Elf:1    | Found Pomalyrgh's Distillery.
 36432 | Elf:1    | Bought a potion of heal wounds for 75 gold pieces
 36432 | Elf:1    | Bought a potion of heal wounds for 75 gold pieces
 37839 | Elf:2    | Found Ova Pioziom's Book Emporium.
 37865 | Elf:2    | Offered knowledge of Iskenderun's Battlesphere by Vehumet.
 38192 | Elf:2    | Found a large runed door.
 38192 | Elf:2    | Found a large runed door.
 38317 | Elf:2    | Found a large runed door.
 38317 | Elf:2    | Found a large runed door.
 38637 | Elf:3    | Entered Level 3 of the Elven Halls
 39195 | Elf:3    | Found Ifecs's Weapon Shoppe.
 39473 | D:15     | Entered Level 15 of the Dungeon
 39665 | D:15     | Noticed Nessos
 39667 | D:15     | Killed Nessos
 40017 | D:15     | Found a staircase to the Depths.
 40395 | Depths:1 | Entered Level 1 of the Depths
 40640 | Spider:1 | Entered Level 1 of the Spider Nest
 40763 | Lair:2   | Upgraded the game from 0.23-a0-550-g7de1f8ee9f to
                  | 0.23-a0-554-gd3cbc8420a
 41005 | Spider:1 | Identified the +0 pair of gloves of Spite {rC+ rN+ Str+2
                  | Int-3}
 41005 | Spider:1 | Noticed Nikola
 41021 | Spider:1 | Reached XP level 17. HP: 104/104 MP: 23/31
 41039 | Lair:2   | Killed Nikola
 41504 | Spider:1 | Offered knowledge of Freezing Cloud by Vehumet.
 42393 | Spider:2 | Noticed Arachne
 43171 | Spider:1 | Killed Arachne
 43653 | Spider:2 | Offered knowledge of Spellforged Servitor by Vehumet.
 44201 | Spider:3 | Reached skill level 14 in Earth Magic
 45065 | Spider:3 | Reached skill level 10 in Polearms
 45065 | Spider:3 | Reached skill level 10 in Fire Magic
 45493 | Spider:4 | Entered Level 4 of the Spider Nest
 45738 | Spider:4 | Noticed Kirke
 45756 | Spider:4 | Killed Kirke
 45763 | Spider:4 | Offered knowledge of Iron Shot by Vehumet.
 45778 | Spider:4 | Learned a level 6 spell: Iron Shot
 45887 | Spider:4 | Reached XP level 18. HP: 31/112 MP: 2/33
 48270 | Spider:4 | HP: 5/112 [spark wasp (5)]
 48270 | Spider:4 | Slain by a spark wasp

Vault maps used:
D:1:      dpeg_arrival_pond, minmay_misc_feat_alley
D:2:      lemuel_doored_altar, ashenzari_altar_1, first_ration, uniq_natasha
D:3:      marbit_many_paths, ebering_ghost_disaster_area, eino_tiny_chamber,
          uniq_grinder
D:5:      kennysheep_mini_moat, chequers_temple_overflow_statue_of_worship,
          minmay_temple_entry_overgrown, serial_shops, nicolae_shop_trees,
          nicolae_shop_overgrown_old_shop, nicolae_shop_behind_doors, shop,
          shop, ebering_ghost_sewer_f
D:6:      kennysheep_little_box, grunt_potential, uniq_crazy_yiuf_cottage
D:7:      nicolae_gozag_seed_capital, serial_shops, shop, uniq_joseph
D:8:      fedhas_altar_3, minmay_mini_ossuary
D:9:      old_standard_altar, nicolae_overflow_crystal_walls,
          minmay_lair_entry_grove, serial_corexii_hall, corexii_hall_statues_x,
          corexii_hall_statues_i
D:10:     orc_0_dummy, grunt_tengu_nest
D:12:     nicolae_trove_entry_crystal, kennysheep_dice, uniq_fannar
D:13:     grunt_vaults_entry_fortified, serial_shops, shop_statue,
          patterned_corridor, uniq_maurice
D:14:     serial_shops, nicolae_shop_behind_doors
D:15:     grunt_enter_depths_snipers, bh_walls_and_bars, uniq_nessos
Temple:   chequers_temple_sunken
Lair:1:   lemuel_fruit_fields, lemuel_fruit_fields, uniq_prince_ribbit2,
          uniq_harold
Lair:2:   spider_nest_entry_funnel_web, ebering_ghost_inner_flame,
          grunt_megastairs_4, lemuel_fruit_tree, serial_bayou_shore_a,
          lemuel_fruit_fields
Lair:3:   swamp_mist_pool, uniq_gastronok
Lair:4:   gammafunk_cloud_chamber, gammafunk_lair_bear_cave
Lair:5:   minmay_slime_entry_pillars, lightli_volcano_entry_magma_tube,
          serial_bayou_ford_a
Lair:6:   minmay_lair_end_frog_pond
Spider:1: spider_trap, uniq_nikola
Spider:2: nicolae_spider_cling_halls, uniq_arachne
Spider:4: johnstein_spider_rune_arachne_lair, uniq_kirke
Orc:1:    gammafunk_ghost_cemetery, serial_shops, shop, uniq_josephine,
          uniq_erolcha, uniq_sonja
Orc:2:    st_orc_rangers, serial_shops, shop, mines_bat_river
Elf:1:    elf_arrival_002, serial_shops, shop, kennysheep_underground_church
Elf:2:    serial_shops, shop
Elf:3:    minmay_elf_hall_circle, serial_shops, nicolae_shop_crystal
Depths:1: muffindrake_ghost_dead_mans_drink, pan_entry, grunt_mini_vestibule,
          kennysheep_small_spiral, nrook_mini_backslash, minmay_misc_feat_doors,
          minmay_hollow_rounded_squares, uniq_sojobo
Volcano:  volcano_overflow

Skill      XL: |  1  2  3  4  5  6  7  8  9 10 11 12 13 14 15 16 17 18 |
---------------+-------------------------------------------------------+-----
Earth Magic    | 4 5 6 7 8 9 10 11 12 13 14 | 14.5
Spellcasting   | 3 4 5 6 7 8 9 10 11 | 11.4
Conjurations   | 1 2 3 4 5 6 7 8 9 10 11 12 | 12.7
Shields        | 1 3 4 5 6 7 8 9 10 11 12 | 12.3
Fighting       | 1 2 4 5 6 7 8 9 10 11 12 | 12.1
Armour         | 1 2 4 5 6 |  6.0
Polearms       | 1 2 3 4 5 6 7 8 9 10 | 10.4
Dodging        | 2 3 4 5 6 7 8 9 |  9.8
Evocations     | 1 2 4 5 6 |  6.0
Fire Magic     | 2 4 5 7 8 9 10 | 10.5
Stealth        | |  2.1
Transmutations | |  0.7

Action                   |  1- 3 |  4- 6 |  7- 9 | 10-12 | 13-15 | 16-18 || total
-------------------------+-------+-------+-------+-------+-------+-------++-------
Melee: Spear             |   148 |   128 |   430 |   765 |  1815 |   133 ||  3419
       Trident           |       |       |       |       |       |  1445 ||  1445
Throw: Stone             |       |       |       |       |       |     4 ||     4
 Cast: Sandblast         |     6 |    25 |    36 |    79 |   131 |     6 ||   283
       Stone Arrow       |       |     1 |     2 |    14 |     7 |       ||    24
       Lee's Rapid Decon |       |       |     8 |    46 |    49 |    11 ||   114
       Bolt of Magma     |       |       |       |       |    75 |   117 ||   192
       Fireball          |       |       |       |       |    47 |    26 ||    73
       Blink             |       |       |       |       |     1 |     1 ||     2
       Orb of Destructio |       |       |       |       |       |    13 ||    13
       Iron Shot         |       |       |       |       |       |    14 ||    14
 Abil: Evoke Invisibilit |       |       |       |       |    17 |    14 ||    31
       Fly               |       |       |       |       |     1 |       ||     1
Evoke: Wand              |       |       |       |     4 |     4 |     3 ||    11
  Use: Scroll            |       |    13 |     9 |     8 |    12 |    11 ||    53
       Potion            |       |       |       |     4 |     5 |    17 ||    26
 Stab: Sleeping          |    11 |     6 |     9 |    10 |     7 |    24 ||    67
       Distracted        |       |       |     1 |     3 |     2 |     2 ||     8
       Invisible         |       |       |       |       |    56 |    33 ||    89
       Held in net/web   |       |       |       |       |       |     1 ||     1
  Eat: Chunk             |     3 |     5 |    19 |    41 |    79 |    45 ||   192
       Ration            |       |     1 |       |     1 |       |     9 ||    11
Armor: Robe              |    35 |    46 |   191 |   452 |   816 |  1179 ||  2719
Dodge: Dodged            |    91 |    85 |   247 |   533 |  1953 |  2224 ||  5133

Table legend:
 A = Non-vault XP
 B = Vault XP
 C = Vault XP percentage of total XP
 D = Non-vault monster count
 E = Vault monster count
 F = Vault count percentage of total count
                 A         B        C        D         E       F
            +---------+---------+-------+---------+---------+-------
      Total |  174364 |  105841 |  37.8 |     808 |     282 |  25.9
            +---------+---------+-------+---------+---------+-------
        D:1 |      50 |       0 |   0.0 |      26 |       0 |   0.0
        D:2 |     136 |      36 |  20.9 |      26 |       1 |   3.7
        D:3 |     100 |     456 |  82.0 |      13 |       3 |  18.8
        D:4 |      78 |       0 |   0.0 |       5 |       0 |   0.0
        D:5 |     427 |     503 |  54.1 |      13 |       6 |  31.6
        D:6 |    1190 |     504 |  29.8 |      31 |      11 |  26.2
        D:7 |     369 |     475 |  56.3 |      11 |       1 |   8.3
        D:8 |    1858 |      22 |   1.2 |      43 |       5 |  10.4
        D:9 |    1868 |    1806 |  49.2 |      33 |      12 |  26.7
       D:10 |    1123 |     296 |  20.9 |      22 |       1 |   4.3
       D:11 |    4167 |       0 |   0.0 |      36 |       0 |   0.0
       D:12 |    7267 |    1228 |  14.5 |      36 |       2 |   5.3
       D:13 |    4491 |    6965 |  60.8 |      22 |      11 |  33.3
       D:14 |    9508 |       0 |   0.0 |      29 |       0 |   0.0
       D:15 |    5427 |    3651 |  40.2 |      18 |       4 |  18.2
     Lair:1 |    2731 |    2025 |  42.6 |      12 |       5 |  29.4
     Lair:2 |    6919 |    9397 |  57.6 |      28 |      14 |  33.3
     Lair:3 |    3334 |    2265 |  40.5 |       9 |       1 |  10.0
     Lair:4 |   10916 |    1513 |  12.2 |      34 |      10 |  22.7
     Lair:5 |    6810 |     564 |   7.6 |      19 |       3 |  13.6
     Lair:6 |   18768 |   13141 |  41.2 |      65 |      50 |  43.5
   Spider:1 |   22464 |    3452 |  13.3 |      68 |       1 |   1.4
   Spider:2 |   10237 |       0 |   0.0 |      33 |       0 |   0.0
   Spider:3 |   15925 |    8609 |  35.1 |      41 |      11 |  21.2
   Spider:4 |   14241 |   22155 |  60.9 |      45 |      51 |  53.1
      Orc:1 |     724 |   10381 |  93.5 |      14 |       9 |  39.1
      Orc:2 |    2381 |    5283 |  68.9 |      32 |      51 |  61.4
      Elf:1 |    6075 |    5943 |  49.5 |      12 |      11 |  47.8
      Elf:2 |   10793 |    3571 |  24.9 |      25 |       4 |  13.8
      Elf:3 |    3987 |       0 |   0.0 |       7 |       0 |   0.0
    Volcano |       0 |    1600 | 100.0 |       0 |       4 | 100.0
            +---------+---------+-------+---------+---------+-------
